 Dungeon Crawl Stone Soup version 0.23.1 (webtiles) character file.

Game seed: 13996164646651391688

635 Honti the Cudgeler (level 7, -1/44 HPs)
             Began as a Gargoyle Fighter on Mar 13, 2019.
             Killed from afar by Pikel (4 damage)
             ... with a wand of flame (20)
             ... on level 4 of the Dungeon.
             The game lasted 00:09:06 (3316 turns).

Honti the Cudgeler (Gargoyle Fighter)               Turns: 3316, Time: 00:09:07

Health: -1/44      AC: 14    Str: 19 (22) XL:     7   Next: 50%
Magic:  7/7        EV:  5    Int:  6 (8)  God:
Gold:   183        SH:  9    Dex:  6 (9)  Spells: 6/6 levels left

rFire    . . .     SeeInvis .   r - +0 flail
rCold    + . .     Gourm    .   c - +0 shield
rNeg     + . .     Faith    .   o - +0 chain mail {rC+}
rPois    ∞         Spirit   .   (no helmet)
rElec    +         Reflect  .   (no cloak)
rCorr    .         Harm     .   (no gloves)
MR       .....                  (no boots)
Stlth    ..........             n - amulet of regeneration
HPRegen  0.54/turn              (no ring)
MPRegen  0.10/turn              (no ring)

@: hasted, very quick
A: negative energy resistance 1, electricity resistance, unbreathing,
petrification resistance, rot immunity, AC +4
a: no special abilities


You were on level 4 of the Dungeon.
You were not hungry.

You visited 1 branch of the dungeon, and saw 4 of its levels.

You collected 183 gold pieces.

Inventory:

Hand Weapons
 r - a +0 flail (weapon)
Armour
 c - a +0 shield (worn)
 o - a +0 chain mail of cold resistance (worn)
Jewellery
 n - an amulet of regeneration (around neck)
 t - a +4 amulet of reflection {unknown}
Wands
 k - a wand of flame (17)
Scrolls
 a - a scroll of blinking {unknown}
 e - a scroll of immolation
 h - 2 scrolls of identify {unknown}
 l - a scroll of teleportation {unknown}
 p - 2 scrolls of enchant armour {unknown}
 v - a scroll of fog {unknown}
 w - a scroll of magic mapping {unknown}
Potions
 b - a potion of degeneration
 d - 2 potions of might
 g - a potion of brilliance
 i - a potion of magic {unknown}
 j - a potion of heal wounds {unknown}
 m - a potion of curing
 u - a potion of ambrosia {unknown}
Comestibles
 f - 6 rations
 x - 3 chunks of flesh


   Skills:
 + Level 5.0 Fighting
 * Level 5.3 Maces & Flails
 + Level 5.0 Armour
 + Level 5.0 Shields


You had 6 spell levels left.
You didn't know any spells.
Your spell library was empty.

Dungeon Overview and Level Annotations

Branches:
Dungeon (4/15)
 Temple: D:4-7

Altars:
Okawaru

Annotations:
D:4 3 runed translucent doors, H0rd4k's ghost, amateur DEWz; Pikel


Innate Abilities, Weirdness & Mutations

You are resistant to torment.
Your stone body is resilient. (AC +4)
You are immune to poison.
You resist negative energy. (rN+)
You are resistant to electric shocks. (rElec)
You can survive without breathing.
You are immune to petrification.
You are immune to rotting.


Message History

You block the slave's attack.
It was a potion of brilliance.
You feel clever all of a sudden. The slave hits you.
* * * LOW HITPOINT WARNING * * *
The slave hits you but does no damage. You block the slave's attack.
The slave hits you but does no damage. Pikel hits you but does no damage.
Okay, then.
Okay, then.
It was a potion of cancellation.
Your magical effects are unravelling.
You feel magically purged.
You feel a little less clever now. The slave hits you but does no damage.
You block the slave's attack. x2
The slave hits you but does no damage.
Pikel zaps a wand.
The puff of flame hits you but does no damage.
It was a potion of haste.
You feel yourself speed up. You block the slave's attack.
The slave hits you but does no damage.
Pikel zaps a wand.
The puff of flame hits you.
You die...

..[......# ###########
...........###...#......
...........#.+...'......
.............#...#......
.............#...#..(...
.............#...###'###
...........#.........###
......pp...#>...........
......p@...#.........###
......Kp...#............
.(.........#.#####...###
...........#.# #...# #
############.#####...# #
#............# #
#.†..........###
##########...............
#........................


You could see Pikel and 4 slaves.

Vanquished Creatures
  Duvessa (D:4)
  Dowan (D:4)
  A crimson imp (D:2)
  2 orc priests (D:3)
  A hound (D:4)
  4 orc wizards
  A worker ant (D:4)
  9 adders
  2 oozes
  A worm (D:2)
  6 dart slugs
  2 leopard geckos
  15 orcs
  A ball python (D:4)
  8 bats
  7 giant cockroaches
  10 goblins
  8 hobgoblins
  12 jackals
  6 kobolds
  2 quokkas
  A frilled lizard (D:2)
  A jackal skeleton (D:4)
  A leopard gecko skeleton (D:4)
  5 rats
108 creatures vanquished.

Vanquished Creatures (others)
  A fungus (D:4)
  3 plants (D:4)
4 creatures vanquished.

Grand Total: 112 creatures vanquished

Notes
Turn   | Place    | Note
-------+----------+-------------------------------------------
     0 | D:1      | Honti the Gargoyle Fighter began the quest for the Orb.
     0 | D:1      | Reached XP level 1. HP: 14/14 MP: 1/1
   151 | D:1      | Reached XP level 2. HP: 14/19 MP: 2/2
   243 | D:1      | Reached XP level 3. HP: 16/23 MP: 3/3
   936 | D:2      | Reached XP level 4. HP: 24/29 MP: 4/4
  1223 | D:2      | Reached XP level 5. HP: 17/33 MP: 5/5
  1853 | D:3      | Reached XP level 6. HP: 39/39 MP: 6/6
  2506 | D:3      | Found an iron altar of Okawaru.
  2841 | D:4      | Reached XP level 7. HP: 43/44 MP: 7/7
  2922 | D:4      | Found a runed translucent gate.
  2923 | D:4      | Found a runed translucent gate.
  2923 | D:4      | Noticed H0rd4k's ghost (amateur DEWz)
  2924 | D:4      | Found a runed translucent gate.
  3138 | D:4      | Noticed Duvessa
  3138 | D:4      | Noticed Dowan
  3159 | D:4      | Killed Dowan
  3159 | D:4      | Reached skill level 5 in Maces & Flails
  3181 | D:4      | Killed Duvessa
  3181 | D:4      | Reached skill level 5 in Armour
  3181 | D:4      | Reached skill level 5 in Shields
  3258 | D:4      | Reached skill level 5 in Fighting
  3304 | D:4      | Noticed Pikel
  3314 | D:4      | HP: 2/44 [slave[Pikel] (4)]
  3316 | D:4      | Killed from afar by Pikel

Skill      XL: |  1  2  3  4  5  6  7 |
---------------+----------------------+-----
Maces & Flails | 3 4 5 |  5.3
Fighting       | 4 5 |  5.0
Armour         | 4 5 |  5.0
Shields        | 4 5 |  5.0

Action                   |  1- 3 |  4- 6 |  7- 9 || total
-------------------------+-------+-------+-------++-------
Melee: Flail             |   137 |   339 |   101 ||   577
  Use: Scroll            |       |     3 |       ||     3
       Potion            |       |       |     4 ||     4
  Eat: Chunk             |       |     7 |     2 ||     9
Armor: Scale mail        |    70 |    93 |       ||   163
       Chain mail        |       |   207 |    77 ||   284
Dodge: Dodged            |    49 |   126 |    23 ||   198
Block: Shield            |    72 |   236 |    56 ||   364
